 Dungeon Sprint DCSS version 0.30-a0-743-gbfdf073431 (webtiles) character file.

Game seed: 2983272438647754756

13756 mhtbhm the Peltast (level 11, -16/115 HPs)
             Began as a Troll Fighter on Feb 6, 2023.
             Was the Champion of Qazlal.
             Demolished by an ancient champion
             ... wielding a +1 great mace of freezing
              (27 damage)
             ... in the Dungeon (Sprint V: "Ziggurat Sprint").
             The game lasted 00:06:09 (801 turns).

mhtbhm the Peltast (Troll Fighter)                   Turns: 801, Time: 00:06:09

Health: -16/115    AC: 27    Str: 36    XL:     11   Next: 79%
Magic:  10/19      EV:  0    Int:  7    God:    Qazlal [******]
Gold:   12         SH: 38    Dex:  9    Spells: 10/10 levels left

rFire   + + +      SeeInvis +    a - +9 lance "Wyrmbane" {slay drac, rPois rF+ rC+ AC+3}
rCold   + + .      Faith    .    c - +18 shield of the Gong {Loud rElec rN+ Will+ EV-5}
rNeg    + + .      Spirit   .    b - +5 gold dragon scales
rPois   +          Reflect  .    (helmet restricted)
rElec   +          Harm     .    (no cloak)
rCorr   .          Rampage  .    (gloves unavailable)
Will    +....      NoTele   +    (boots unavailable) Stlth
                                 t - amulet of regeneration
HPRegen 1.99/turn                y - +6 ring of strength
MPRegen 0.16/turn                v - ring of Xocseq {rF++ rN+ Int+3 SInv}

@: mighty, protected from physical damage, repel missiles
A: large, unfitting armour, claws 3, regeneration 1, shaggy fur 1, tough skin 1
a: Renounce Religion, Upheaval, Elemental Force, Disaster Area


You were in the Dungeon.
You worshipped Qazlal.
Qazlal was exalted by your worship.
You visited 1 branch You collected 12 gold pieces.

Inventory:

Hand Weapons
 a - the +9 lance "Wyrmbane" (weapon) {slay drac, rPois rF+ rC+ AC+3}
   (You found it in the Dungeon)

   AC:        It affects your AC (+3).
   rF:        It protects you from fire.
   rC:        It protects you from cold.
   rPois:     It protects you from poison.
Armour
 b - +5 gold dragon scales (worn)
 c - the +18 shield of the Gong (worn) {Loud rElec rN+ Will+ EV-5}
   (You found it in the Dungeon)

   Loud:      It is deafeningly noisy when blocking attacks.
   EV:        It affects your evasion (-5).
   rElec:     It insulates you from electricity.
   rN:        It protects you from negative energy.
   Will:      It increases your willpower.
Jewellery
 t - an amulet of regeneration (around neck)
 v - the ring of Xocseq (right claw) {rF++ rN+ Int+3 SInv}
   (You found it in the Dungeon)

   [ring of positive energy]

   Int:       It affects your intelligence (+3).
   rF:        It greatly protects you from fire.
   rN:        It protects you from negative energy.
   SInv:      It lets you see invisible.
 x - a +6 ring of strength
 y - a +6 ring of strength (left claw)
 E - the ring "Waimo Ont" {rN+ Will+ Str+2}
   (You found it in the Dungeon)

   [ring of positive energy]

   Str:       It affects your strength (+2).
   rN:        It protects you from negative energy.
   Will:      It increases your willpower.
Wands
 z - a wand of mindburst (7)
 A - a wand of iceblast (5)
 B - a wand of acid (7)
 D - a wand of flame (54)
 G - a wand of digging (4)
Scrolls
 j - a scroll of blinking
 o - 4 scrolls of amnesia
 p - 6 scrolls of fog
 q - 5 scrolls of identify
 r - 2 scrolls of fear
 u - a scroll of brand weapon
Potions
 d - 4 potions of might
 e - 8 potions of curing
 f - a potion of heal wounds
 g - 6 potions of haste
 h - 6 potions of magic
 i - 3 potions of berserk rage
 k - 3 potions of brilliance
 l - 2 potions of invisibility
 m - 4 potions of resistance
 n - a potion of experience
Miscellaneous
 s - a condenser vane
 w - a phantom mirror
 C - a lightning rod (4/4)


   Skills:
 + Level 9.6 Fighting
 + Level 11.0 Polearms
 + Level 5.0 Armour
 + Level 7.8 Dodging
 + Level 4.5 Stealth
 + Level 15.6 Shields
 * Level 12.2 Invocations
 + Level 3.7 Evocations


You had 10 spell levels left.
You didn't know any spells.
Your spell library contained the following spells:

 Spells                   Type           Power      Damage    Failure   Level
 Call Canine Familiar     Summ           0%         N/A       100%        3
 Gell's Gravitas          Tloc           0%         N/A       100%        3
 Hailstorm                Conj/Ice       0%         3d3       100%        3
 Portal Projectile        Hex/Tloc       0%         N/A       100%        3
 Teleport Other           Tloc           0%         N/A       100%        3
 Vhi's Electric Charge    Tloc/Air       0%         N/A       100%        3
 Ice Form                 Ice/Tmut       0%         N/A       100%        4
 Leda's Liquefaction      Hex/Erth       0%         N/A       100%        4
 Arcjolt                  Conj/Air       0%         1d10      100%        5
 Lee's Rapid Deconstruct  Erth           0%         3d4*      100%        5
 Dispersal                Tloc           0%         N/A       100%        6
 Simulacrum               Ice/Necr       0%         N/A       100%        6
 Statue Form              Tmut/Erth      0%         N/A       100%        6
 Maxwell's Capacitive Co  Air            0%         ∞         100%        8


Dungeon Overview and Level Annotations

Branches:
Dungeon (1/1)

Altars:
Ashenzari
Cheibriados
Dithmenos
Elyvilon
Fedhas
Gozag
Hepliaklqana
Kikubaaqudgha
Makhleb
Nemelex Xobeh
Okawaru
Qazlal
Ru
Sif Muna
Trog
Uskayaw
Vehumet
Wu Jian
Xom
Yredelemnul
Zin
The Shining One
Jiyva
Lugonu

Annotations:
D 1 transporter


Innate Abilities, Weirdness & Mutations

You are too large for most types of armour.
You have claws for hands.
Your natural rate of healing is unusually fast.
You are covered in fur. (AC +1)
You have tough skin. (AC +1)


Message History

* * * LOW HITPOINT WARNING * * *
You block the war gargoyle's attack.
PANG!
The Hell Sentinel hits you!
* * * LOW HITPOINT WARNING * * *
You feel more protected from physical attacks.
You block the Hell Sentinel's attack.
BONNNG!
Your Polearms skill increases to level 11!
Your Armour skill increases to level 5!
Found Great Wizards, Vol.
VII.
Unknown command.
Unknown command.
You feel much better.
Your air elemental hits the Hell Sentinel but does no damage.
Your air elemental barely misses the quicksilver elemental.
Your air elemental hits the Hell Sentinel but does no damage.
Your air elemental hits the quicksilver elemental.
The quicksilver elemental misses your air elemental.
Your air elemental misses the quicksilver elemental.
Your air elemental completely misses the Hell Sentinel.
Your air elemental hits the Hell Sentinel but does no damage.
Your air elemental closely misses the quicksilver elemental.
The ancient champion gestures at you while chanting.
The iron shot hits you!!
* * * LOW HITPOINT WARNING * * *
Your fire elemental hits the Hell Sentinel.
You block the war gargoyle's attack.
GONNNNG!
The quicksilver elemental hits your air elemental!!
Your air elemental is destroyed!
Your air elemental disappears in a puff of smoke!
You block the Hell Sentinel's attack.
BONNNG!
You block the Hell Sentinel's attack.
PANG!
Your air elemental hits the Hell Sentinel but does no damage.
Your air elemental misses the quicksilver elemental.
The ancient champion hits you with a +1 great mace of freezing!!
You die...

▓.........▓.▓..
..8©8....▓....©....▓...©
.):):)=:..▓▓▓▓▓▓▓▓▓▓▓▓▓▓▓
▓..○○)}}).§§▓...8©8...▓..8©
▓........§§§▓..||[|[..▓..[|
▓.......E§.§▓...)[....▓..)|
▓........EEE▓.........▓....
▓.......z11E▓.........▓....
..▓..9.z▓@.▓....†....▓....
▓.▓.§≈▓z▓9▓....†....▓....
▓..▓....z▓§.▓.....†...▓.▓..
▓.....©...§.▓....©....▓...©
▓▓▓▓▓▓▓▓▓▓▓▓▓▓▓▓▓▓▓▓▓▓▓▓▓▓▓
▓...8©8...▓...8©8...▓...8©8
▓..).=|)).▓..}."|...▓..}|=.
▓...[)[...▓..)}[=)..▓...|.}
▓....)....▓..)..|...▓......


You could see 2 Hell Sentinels, a quicksilver elemental, 3 ancient champions, a
war gargoyle, a friendly fire elemental (summoned) and 3 friendly air
elementals.

Vanquished Creatures
  A storm dragon (D)
  Louise (D)
  A war gargoyle (D)
  A purple draconian (D)
  Azrael (D)
  2 white draconians (D)
  Erolcha (D)
  Erica (D)
  A wolf spider (D)
  A moth of wrath (D)
  Maurice (D)
  2 cane toads (D)
  Psyche (D)
  A komodo dragon (D)
  2 tarantellas (D)
  A jumping spider (D)
  A large abomination (D)
  3 yaks (D)
  Eustachio (D)
  A basilisk (D)
  2 water moccasins (D)
  An orc warrior (D)
  A wolf (D)
  2 phantoms (D)
  2 necrophages (D)
  A bullfrog (D)
  2 scorpions (D)
  2 wights (D)
  Dowan (D)
  A quasit (D)
  2 orc priests (D)
  An iguana (D)
  4 iron imps (D)
  Jessica (D)
  3 orc wizards (D)
  3 river rats (D)
  3 shadow imps (D)
  3 ufetubi (D)
  An adder zombie (D)
  2 adder skeletons (D)
  An orc (D)
  A bat zombie (D)
  A jackal (D)
  2 ball python skeletons (D)
  A quokka skeleton (D)
69 creatures vanquished.

Vanquished Creatures (collateral kills)
  A curse toe (D)
  An Orb Guardian (D)
  An iron dragon (D)
  A black draconian (D)
  A white draconian (D)
  A crystal echidna (D)
6 creatures vanquished.

Vanquished Creatures (others)
  A white draconian (D)
1 creature vanquished.

Grand Total: 76 creatures vanquished

Notes
Turn   | Place    | Note
-------+----------+-------------------------------------------
     0 | D        | mhtbhm the Troll Fighter began the quest for the Orb.
     0 | D        | Reached XP level 1. HP: 22/22 MP: 0/0
     8 | D        | Banished a spatial maelstrom
    18 | D        | Found a shimmering blue altar of Sif Muna.
    18 | D        | Found a bloodstained altar of Trog.
    18 | D        | Found a sacrificial altar of Ru.
    18 | D        | Found a stormy altar of Qazlal.
    18 | D        | Found an iron altar of Okawaru.
    19 | D        | Found a sparkling altar of Nemelex Xobeh.
    19 | D        | Found a blossoming altar of Fedhas.
    19 | D        | Found the +6 Majin-Bo {spellvamp, MP+6 Int+6}
    19 | D        | Found the +27 heavy crossbow "Sniper" {heavy, Acc+∞ SInv}
    19 | D        | Found the +10 dark maul {heavy}
    19 | D        | Found the +15 Maxwell's patent armour {-Cast -Tele rElec
                  | Will+ rCorr}
    19 | D        | Found the +18 shield of the Gong {Loud rElec rN+ Will+
                  | EV-5}
    19 | D        | Found the +16 obsidian axe {drain, demonic, Mesm Drain Fly
                  | SInv}
    19 | D        | Found the +7 great mace "Firestarter" {flame, inner flame,
                  | rFlCloud rF++}
    19 | D        | Found the +6 shillelagh "Devastator" {shatter}
    19 | D        | Found the +11 plutonium sword {Contam Stlth-}
    19 | D        | Found the +8 lance "Wyrmbane" {slay drac, rPois rF+ rC+
                  | AC+3}
    19 | D        | Found the +9 sword of Zonguldrok {reap}
    19 | D        | Found the +13 scythe of Curses {drain, curses, Drain}
    19 | D        | Found the +9 sword of Power {lifebolt}
    19 | D        | Found the +7 mace of Variability {chaos, chain chaos}
    19 | D        | Found the +11 Singing Sword {sonic wave}
    19 | D        | Found the +8 storm bow {elec, penet}
    21 | D        | Found a transporter.
    21 | D        | Found an ancient bone altar of Kikubaaqudgha.
    21 | D        | Found a viscous altar of Jiyva.
    21 | D        | Found a corrupted altar of Lugonu.
    21 | D        | Found a hazy altar of Hepliaklqana.
    21 | D        | Found a burning altar of Makhleb.
    21 | D        | Found an opulent altar of Gozag.
    85 | D        | Became a worshipper of Vehumet
   108 | D        | Fell from the grace of Vehumet
   108 | D        | Became a worshipper of Qazlal Stormbringer
   121 | D        | Entered arena 2.
   121 | D        | Noticed a wolf
   121 | D        | Found a transporter.
   123 | D        | Killed a wolf
   124 | D        | Reached skill level 4 in Shields
   124 | D        | Reached XP level 2. HP: 33/33 MP: 1/1
   124 | D        | Reached XP level 3. HP: 41/41 MP: 2/2
   124 | D        | Reached XP level 4. HP: 49/49 MP: 3/3
   132 | D        | Entered arena 3.
   132 | D        | Found a transporter.
   133 | D        | Reached * piety under Qazlal
   136 | D        | Reached skill level 5 in Fighting
   136 | D        | Reached skill level 5 in Shields
   136 | D        | Reached skill level 1 in Invocations
   141 | D        | Reached skill level 5 in Dodging
   141 | D        | Reached XP level 5. HP: 57/57 MP: 3/5
   165 | D        | Entered arena 4.
   165 | D        | Noticed a phantom
   165 | D        | Found a transporter.
   166 | D        | Reached ** piety under Qazlal
   168 | D        | Reached skill level 6 in Shields
   168 | D        | Reached skill level 1 in Evocations
   168 | D        | Reached XP level 6. HP: 67/67 MP: 5/7
   169 | D        | Reached *** piety under Qazlal
   205 | D        | Entered arena 5.
   205 | D        | Found a transporter.
   217 | D        | Reached skill level 7 in Shields
   218 | D        | Reached **** piety under Qazlal
   225 | D        | Entered arena 6.
   225 | D        | Noticed a large abomination
   225 | D        | Found a transporter.
   235 | D        | Killed a large abomination
   236 | D        | Reached skill level 5 in Invocations
   236 | D        | Reached XP level 7. HP: 75/78 MP: 9/9
   237 | D        | Reached ***** piety under Qazlal
   253 | D        | Entered arena 7.
   253 | D        | Found the +7 Spriggan's Knife {stab, EV+4 Stlth+}
   253 | D        | Noticed a yak
   253 | D        | Noticed a yak
   255 | D        | Found a transporter.
   256 | D        | Reached skill level 8 in Shields
   257 | D        | Killed a yak
   258 | D        | Reached skill level 1 in Armour
   260 | D        | Killed a yak
   261 | D        | Reached XP level 8. HP: 87/87 MP: 9/11
   262 | D        | Reached skill level 9 in Shields
   281 | D        | Entered arena 8.
   281 | D        | Noticed a jumping spider
   281 | D        | Noticed a tarantella
   281 | D        | Noticed a wolf spider
   281 | D        | Noticed a tarantella
   283 | D        | Found a transporter.
   292 | D        | Killed a wolf spider
   292 | D        | Reached ****** piety under Qazlal
   293 | D        | Reached skill level 5 in Polearms
   295 | D        | Killed a jumping spider
   296 | D        | Reached skill level 10 in Shields
   296 | D        | Killed a tarantella
   297 | D        | Reached skill level 1 in Stealth
   301 | D        | Reached XP level 9. HP: 96/96 MP: 13/13
   312 | D        | Entered arena 9.
   312 | D        | Found the +12 glaive of Prune {freeze, Prune}
   313 | D        | Found a transporter.
   324 | D        | Got the ring of Xocseq {rF++ rN+ Int+3 SInv}
   373 | D        | Entered arena 10.
   373 | D        | Noticed a cane toad
   373 | D        | Noticed a cane toad
   373 | D        | Noticed a komodo dragon
   374 | D        | Found a transporter.
   381 | D        | Reached skill level 11 in Shields
   383 | D        | Killed a cane toad
   384 | D        | Killed a komodo dragon
   388 | D        | Killed a cane toad
   420 | D        | Entered arena 11.
   421 | D        | Found a transporter.
   444 | D        | Got the ring "Waimo Ont" {rN+ Will+ Str+2}
   458 | D        | Entered arena 12.
   458 | D        | Noticed a purple draconian
   458 | D        | Noticed a black draconian
   458 | D        | Noticed a white draconian
   458 | D        | Noticed an Orb Guardian
   458 | D        | Noticed a moth of wrath
   458 | D        | Noticed a white draconian
   458 | D        | Noticed a white draconian
   458 | D        | Noticed a curse toe
   460 | D        | Noticed a deathcap
   460 | D        | Noticed a deathcap
   460 | D        | Noticed a white draconian
   461 | D        | Noticed a storm dragon
   462 | D        | Found a transporter.
   462 | D        | Killed a white draconian
   462 | D        | Killed a white draconian
   463 | D        | Reached skill level 12 in Shields
   463 | D        | Reached XP level 10. HP: 41/106 MP: 9/15
   463 | D        | Killed an Orb Guardian
   465 | D        | Killed a purple draconian
   465 | D        | Killed a moth of wrath
   465 | D        | Killed a black draconian
   466 | D        | Killed a white draconian
   471 | D        | Killed a white draconian
   472 | D        | Noticed a deathcap
   478 | D        | Killed a storm dragon
   479 | D        | Reached skill level 13 in Shields
   479 | D        | Reached skill level 10 in Invocations
   489 | D        | Noticed a deathcap
   489 | D        | Noticed a deathcap
   496 | D        | Killed a curse toe
   497 | D        | Reached skill level 10 in Polearms
   497 | D        | Reached skill level 14 in Shields
   497 | D        | Reached XP level 11. HP: 41/115 MP: 3/18
   671 | D        | Entered arena 13.
   671 | D        | Noticed Erolcha
   671 | D        | Noticed Maurice
   671 | D        | Noticed Jessica
   671 | D        | Noticed Psyche
   671 | D        | Noticed Louise
   671 | D        | Noticed Eustachio
   672 | D        | Noticed Dowan
   672 | D        | Noticed Azrael
   672 | D        | Noticed Erica
   674 | D        | Found a transporter.
   675 | D        | Killed Jessica
   680 | D        | Killed Psyche
   686 | D        | Killed Erolcha
   687 | D        | Killed Azrael
   689 | D        | Identified the +6 rapier of Bearoehi {flame, rF+}
   689 | D        | Killed Eustachio
   696 | D        | Killed Dowan
   706 | D        | Killed Louise
   707 | D        | Reached skill level 15 in Shields
   711 | D        | Killed Maurice
   722 | D        | Killed Erica
   770 | D        | Entered arena 14.
   770 | D        | Noticed a quicksilver elemental
   770 | D        | Noticed a war gargoyle
   770 | D        | Noticed an ancient champion
   770 | D        | Noticed a Hell Sentinel
   770 | D        | Noticed an ancient champion
   771 | D        | Noticed an ancient champion
   771 | D        | Noticed a Hell Sentinel
   771 | D        | Noticed an iron dragon
   771 | D        | Noticed a crystal echidna
   771 | D        | Noticed an ancient champion
   771 | D        | Noticed a war gargoyle
   772 | D        | Noticed an ancient champion
   782 | D        | Found a transporter.
   788 | D        | Killed an iron dragon
   792 | D        | Killed a war gargoyle
   799 | D        | HP: 1/115 [ancient champion/iron shot (32)]
   800 | D        | Killed a crystal echidna
   801 | D        | Reached skill level 5 in Armour
   801 | D        | Demolished by an ancient champion

Illustrated notes

Levels and vault maps discovered:
D:        sprint_v [room_start, room_1, room_2, room_3, room_4, room_5, room_6,
          room_7, room_8, room_9, room_10, room_11, room_12, room_13, room_14,
          room_15, room_16, room_17, room_18, room_19, room_20, room_21,
          room_22, room_23, room_24, room_25, room_26, room_27]

Skill      XL: |  1  2  3  4  5  6  7  8  9 10 11 |
---------------+----------------------------------+-----
Fighting       | 4 5 6 7 8 9 |  9.6
Polearms       | 2 3 4 6 8 10 11 | 11.0
Dodging        | 4 5 6 7 |  7.8
Shields        | 4 5 6 7 8 10 12 14 15 | 15.6
Invocations    | 2 3 5 7 9 10 12 | 12.2
Evocations     | 1 2 3 |  3.7
Armour         | 1 2 3 5 |  5.0
Stealth        | 1 2 4 |  4.5

Action                     |  1- 3 |  4- 6 |  7- 9 | 10-12 || total
---------------------------+-------+-------+-------+-------++-------
  Melee: Lance             |       |    31 |    63 |    80 ||   174
 Invoke: Elemental Force   |       |       |     1 |     4 ||     5
         Disaster Area     |       |       |       |     1 ||     1
  Evoke: Lightning rod     |     2 |       |       |       ||     2
         Wand              |       |     2 |       |       ||     2
         Condenser vane    |       |     1 |     4 |     3 ||     8
    Use: Potion            |       |       |     1 |    13 ||    14
         Scroll            |       |       |     1 |     3 ||     4
   Stab: Confused          |       |       |     3 |     8 ||    11
         Paralysed         |       |       |       |     2 ||     2
 Armour: Gold dragon scale |     1 |    22 |    11 |    20 ||    54
  Dodge: Dodged            |       |       |     1 |     2 ||     3
  Block: Kite shield       |       |    45 |    76 |   117 ||   238

Table legend: (Time is in decaauts)
 A = Elapsed time spent in this place.
 B = Non-inter-level travel time spent in this place.
 C = Inter-level travel time spent in this place.
 D = Time resting spent in this place.
 E = Time spent auto-exploring this place.
 F = Levels seen in this place.
 G = Mean time per level.
                   A        B        C        D        E       F      G
               +--------+--------+--------+--------+--------+-----+--------+
         Total |    765 |    765 |      0 |    211 |      0 |   1 |  765.0 |
       Dungeon |    765 |    765 |      0 |    211 |      0 |   1 |  765.0 |
               +--------+--------+--------+--------+--------+-----+--------+

Top non-repeatable levels by time:
       D: 765 daAuts
